 Dungeon Crawl Stone Soup version 0.27-a0-607-g1ad3dbde53 (webtiles) character file.

Game seed: 13922082059310879521

156 Johnny the Digger (level 5, 0/28 HPs)
             Began as a Deep Elf Earth Elementalist on Mar 13, 2021.
             Killed from afar by an orc wizard (5 damage)
             ... with a magic dart
             ... on level 3 of the Dungeon.
             The game lasted 00:02:33 (4087 turns).

Johnny the Digger (Deep Elf Earth Elementalist)     Turns: 4087, Time: 00:02:34

Health: 0/28       AC:  4    Str:  5    XL:     5   Next: 14%
Magic:  10/14      EV: 12    Int: 21    God:
Gold:   72         SH:  0    Dex: 15    Spells: 12/13 levels left

rFire    . . .     SeeInvis .   r - +0 trident
rCold    . . .     Faith    .   (no shield)
rNeg     . . .     Spirit   .   c - +0 robe
rPois    .         Reflect  .   (no helmet)
rElec    .         Harm     .   j - +0 cloak
rCorr    .         Rampage  .   (no gloves)
Will     .....                  p - +0 pair of boots
Stlth    ++........             (no amulet)
HPRegen  0.09/turn              (no ring)
MPRegen  0.14/turn              (no ring)

@: no status effects
A: no striking features
a: no special abilities


You were on level 3 of the Dungeon.
You visited 1 branch of the dungeon, and saw 3 of its levels.

You collected 72 gold pieces.

Inventory:

Hand Weapons
 r - a +0 trident (weapon)
Missiles
 b - 21 stones
Armour
 c - a +0 robe (worn)
 j - a +0 cloak (worn)
 p - a +0 pair of boots (worn)
Jewellery
 d - a ring of willpower
 g - an amulet of faith
Wands
 t - a wand of random effects (13)
Scrolls
 f - 2 scrolls of teleportation {unknown}
 m - a scroll of enchant weapon {unknown}
 q - 2 scrolls of noise {unknown}
 s - a scroll of random uselessness {unknown}
 u - a scroll of identify {unknown}
Potions
 a - 2 potions of curing {unknown}
 e - a potion of brilliance {unknown}
 h - a potion of magic {unknown}
 i - 2 potions of lignification {unknown}
 k - a potion of heal wounds {unknown}
 l - 2 potions of flight {unknown}
 n - a potion of attraction {unknown}
 o - 2 potions of cancellation {unknown}


   Skills:
 - Level 2.4 Dodging
 - Level 2.4 Stealth
 + Level 4.8 Spellcasting
 - Level 1.1 Transmutations
 * Level 5.6 Earth Magic


You had 12 spell levels left.
You knew the following spells:

 Your Spells              Type           Power      Damage    Failure   Level
a - Sandblast             Erth           56%        2d13      1%          1

Your spell library contained the following spells:

 Spells                   Type           Power      Damage    Failure   Level
 Passwall                 Tmut/Erth      15%        N/A       4%          2
 Stone Arrow              Conj/Erth      32%        3d9       11%         3
 Petrify                  Tmut/Erth      19%        N/A       28%         4
 Lee's Rapid Deconstruct  Erth           14%        3d10*     30%         5


Dungeon Overview and Level Annotations

Branches:
Dungeon (3/15)

Altars:
Ru
Uskayaw


Message History

The orc hits you from afar with a +0 trident.
Casting: Sandblast (safe; 1% risk of failure)
Confirm with . or Enter, or press ? or * to list all spells.
Aiming: Sandblast (safe; 1% risk of failure)
Press: ? - help, Shift-Dir - straight line, f/p - orc wizard
Aim: an orc wizard, wielding a +0 dagger and wearing a +0 robe (fast, 24% to evade)
The blast of sand misses the orc wizard.
The orc barely misses you.
Casting: Sandblast (safe; 1% risk of failure)
Confirm with . or Enter, or press ? or * to list all spells.
Aiming: Sandblast (safe; 1% risk of failure)
Press: ? - help, Shift-Dir - straight line, f/p - orc wizard
Aim: an orc wizard, wielding a +0 dagger and wearing a +0 robe (fast, 24% to evade)
The blast of sand hits the orc wizard!
The orc wizard is almost dead.
The orc wizard gestures at you while chanting.
You resist with some effort. The orc barely misses you.
The orc wizard gestures at you while chanting.
The puff of flame hits you!
* * * LOW HITPOINT WARNING * * *
Casting: Sandblast (safe; 1% risk of failure)
Confirm with . or Enter, or press ? or * to list all spells.
Aiming: Sandblast (safe; 1% risk of failure)
Press: ? - help, Shift-Dir - straight line, f/p - orc wizard
Aim: an orc wizard, wielding a +0 dagger and wearing a +0 robe (almost dead, fast, 24% to evade)
The blast of sand misses the orc wizard.
The orc hits you but does no damage.
The orc wizard points at you and mumbles some strange words.
The puff of flame misses you. The orc closely misses you.
Casting: Sandblast (safe; 1% risk of failure)
Confirm with . or Enter, or press ? or * to list all spells.
Aiming: Sandblast (safe; 1% risk of failure)
Press: ? - help, Shift-Dir - straight line, f/p - orc wizard
Aim: an orc wizard, wielding a +0 dagger and wearing a +0 robe (almost dead, fast, 24% to evade)
The blast of sand hits the orc wizard!
You kill the orc wizard!
The orc misses you. The orc wizard casts a spell at you.
The magic dart hits you.
You die...

.... #... ####...
#...... #.<....##
........##
..##.o...#########
..'.o.)@..........
..##..o..#.######
####.##.#
#########.#
#.......#.#
#.#####.#†# #.#
#.....# #.#
#.#.### #.# #.#.#


You could see an orc wizard and 2 orcs.

Vanquished Creatures
  A kobold brigand (D:2)
  An orc wizard (D:3)
  An adder (D:3)
  A worm (D:3)
  3 dart slugs
  4 orcs (D:3)
  3 ball pythons (D:1)
  8 bats
  3 giant cockroaches
  7 goblins
  6 hobgoblins
  2 jackals (D:3)
  13 kobolds
  6 frilled lizards
  5 rats (D:2)
64 creatures vanquished.

Notes
Turn   | Place    | Note
-------+----------+-------------------------------------------
     0 | D:1      | Johnny the Deep Elf Earth Elementalist began the quest for
                  | the Orb.
     0 | D:1      | Reached XP level 1. HP: 10/10 MP: 6/6
   214 | D:1      | Reached XP level 2. HP: 14/15 MP: 6/8
   870 | D:1      | Reached skill level 4 in Earth Magic
  1574 | D:2      | Reached XP level 3. HP: 19/19 MP: 7/10
  1880 | D:2      | Found a sacrificial altar of Ru.
  2498 | D:2      | Found a hide-covered altar of Uskayaw.
  2498 | D:2      | Noticed a kobold brigand
  2512 | D:2      | Killed a kobold brigand
  2513 | D:2      | Reached skill level 5 in Earth Magic
  2513 | D:2      | Reached XP level 4. HP: 11/24 MP: 3/12
  3499 | D:3      | Reached XP level 5. HP: 8/28 MP: 5/14
  4016 | D:3      | Found a faded altar of an unknown god.
  4087 | D:3      | Killed from afar by an orc wizard

Illustrated notes

Levels and vault maps discovered:
D:1:      zelgadis_glass_arrival_small, layout_basic, serial_curves,
          eino_curves_03, eino_curves_04, serial_bayou_ford_a, glass_columns_b
D:2:      wad_crossroads, layout_loops_ring, nicolae_uskayaw_dance_studio,
          overflow_temple_1_default
D:3:      layout_loops_corners, marbit_many_paths,
          chequers_ecumenical_altar_island

Skill      XL: |  1  2  3 |
---------------+----------+-----
Earth Magic    | 4 5 |  5.6
Spellcasting   | 4 |  4.8
Dodging        | |  2.4
Stealth        | |  2.4
Transmutations | |  1.1

Action                   |  1- 3 |  4- 6 || total
-------------------------+-------+-------++-------
Melee: Unarmed           |   103 |    41 ||   144
       Trident           |       |    25 ||    25
 Cast: Sandblast         |    51 |    26 ||    77
 Stab: Sleeping          |     7 |     5 ||    12
Armor: Robe              |    42 |    34 ||    76
Dodge: Dodged            |   100 |    75 ||   175

Table legend: (Time is in decaauts)
 A = Elapsed time spent in this place.
 B = Non-inter-level travel time spent in this place.
 C = Inter-level travel time spent in this place.
 D = Time resting spent in this place.
 E = Time spent auto-exploring this place.
 F = Levels seen in this place.
 G = Mean time per level.
                   A        B        C        D        E       F      G
               +--------+--------+--------+--------+--------+-----+--------+
         Total |   4101 |   4035 |     66 |    478 |   2991 |   3 | 1367.0 |
       Dungeon |   4101 |   4035 |     66 |    478 |   2991 |   3 | 1367.0 |
               +--------+--------+--------+--------+--------+-----+--------+

Top non-repeatable levels by time:
     D:2: 2284 daAuts
     D:1: 1205 daAuts
     D:3: 612 daAuts
